 Dungeon Crawl Stone Soup version 0.30-b1-2-g02819fbbbe (webtiles) character file.

Game seed: 16927169033030530206

1143 Ashen the Ogre Mage (level 8, -1/73 (78) HPs)
             Began as an Ogre Ice Elementalist on Jan 18, 2024.
             Slain by a nameless horror (4 damage)
             ... created by miscasting Summon Ice Beast
             ... on level 6 of the Dungeon.
             The game lasted 00:17:51 (6659 turns).

Ashen the Ogre Mage (Ogre Ice Elementalist)         Turns: 6659, Time: 00:17:52

HP:   -1/73 (78)    AC:  7    Str: 13    XL:     8   Next: 37%
MP:   0/16          EV: 10    Int: 18    God:
Gold: 328           SH:  0    Dex:  9    Spells: 4/18 levels left

rFire   . . .        x - +1 whip (freeze)
rCold   . . .        (no shield)
rNeg    . . .        a - +0 robe
rPois   .            (helmet restricted)
rElec   .            (no cloak)
rCorr   .            (gloves unavailable)
SInv    .            (boots unavailable)
Will    .....        (no amulet)
Stlth   ++           o - +4 ring of protection
HPRegen 0.32/turn    (no ring)
MPRegen 0.15/turn

%: no passive effects
@: drained
A: large, unfitting armour, tough skin 1
a: no special abilities


You were on level 6 of the Dungeon.
You visited 1 branch of the dungeon, and saw 6 of its levels.

You collected 328 gold pieces.

Inventory:

Hand Weapons
 x - a +1 whip of freezing (weapon)
Armour
 a - a +0 robe (worn)
Jewellery
 o - a +4 ring of protection (left hand)
 q - the ring "Hyph" {Fly rElec Str+2 Int-3 Dex+2}
   (You found it on level 3 of the Dungeon)

   [ring of flight]

   Str:       It affects your strength (+2).
   Int:       It affects your intelligence (-3).
   Dex:       It affects your dexterity (+2).
   rElec:     It insulates you from electricity.
   Fly:       It grants you flight.
Wands
 p - a wand of paralysis (7)
 w - a wand of flame (21)
Scrolls
 c - 2 scrolls of fog {unknown}
 d - a scroll of vulnerability {unknown}
 e - 4 scrolls of noise {unknown}
 f - 5 scrolls of identify {unknown}
 j - 4 scrolls of teleportation {unknown}
 t - a scroll of summoning {unknown}
 v - 2 scrolls of poison {unknown}
Potions
 b - a potion of magic
 g - 2 potions of curing {unknown}
 h - 2 potions of heal wounds {unknown}
 i - 2 potions of invisibility {unknown}
 k - a potion of mutation {unknown}
 l - 2 potions of haste {unknown}
 m - a potion of cancellation {unknown}
 n - 3 potions of attraction {unknown}
 r - a potion of berserk rage {unknown}
 s - a potion of brilliance {unknown}
 u - 2 potions of lignification {unknown}


   Skills:
 + Level 4.0 Fighting
 + Level 2.5 Maces & Flails
 + Level 3.5 Dodging
 - Level 3.0 Stealth
 * Level 5.9 Spellcasting
 * Level 5.8 Ice Magic


You had 4 spell levels left.
You knew the following spells:

 Your Spells              Type           Power      Damage    Failure   Level
a - Freeze                Ice            100%       1d10      1%          1
b - Frozen Ramparts       Ice            52%        1d8       3%          3
c - Ozocubu's Armour      Ice            26%        N/A       3%          3
d - Hailstorm             Conj/Ice       15%        3d5       11%         3
e - Summon Ice Beast      Ice/Summ       15%        N/A       34%         4

Your spell library contained the following spells:

 Spells                   Type           Power      Damage    Failure   Level
 Ensorcelled Hibernation  Hex/Ice        30%        N/A       5%          2
 Slow                     Hex            20%        N/A       12%         1
 Static Discharge         Conj/Air       10%        2-3/arc   19%         2
 Confusing Touch          Hex            5%         N/A       36%         3
 Spider Form              Tmut/Pois      5%         N/A       36%         3
 Vampiric Draining        Necr           5%         2d6       36%         3
 Airstrike                Air            2%         2d(1-17)  77%         4
 Anguish                  Hex/Necr       2%         N/A       77%         4
 Summon Lightning Spire   Summ/Air       5%         N/A       77%         4
 Summon Mana Viper        Hex/Summ       5%         N/A       98%         5
 Monstrous Menagerie      Summ           2%         N/A       100%        7
 Ozocubu's Refrigeration  Ice            13%        4d10      100%        7


Dungeon Overview and Level Annotations

Branches:
Dungeon (6/15)
 Temple: D:4-7

Altars:
Makhleb
Nemelex Xobeh
Qazlal

Annotations:
D:5 1 runed translucent door, Crazy Yiuf, Dowan, Duvessa, Grinder


Innate Abilities, Weirdness & Mutations

You are too large for most types of armour.
You have tough skin. (AC +1)


Message History

The nameless horror barely misses you.
You hit the nameless horror but do no damage.
The nameless horror is severely damaged.
The wight hits you with a +0 hand axe.
* * * LOW HITPOINT WARNING * * *
The nameless horror closely misses you.
You hit the nameless horror but do no damage.
The nameless horror is severely damaged.
The wight hits you with a +0 hand axe.
* * * LOW HITPOINT WARNING * * *
The nameless horror hits you but does no damage.
You completely miss the nameless horror.
The nameless horror is severely damaged.
The wight hits you with a +0 hand axe.
* * * LOW HITPOINT WARNING * * *
The nameless horror barely misses you.
You barely miss the nameless horror.
The nameless horror is severely damaged.
The wight hits you with a +0 hand axe.
* * * LOW HITPOINT WARNING * * *
The nameless horror hits you.
* * * LOW HITPOINT WARNING * * *
You feel your power leaking away.
You hit the nameless horror but do no damage.
The nameless horror is severely damaged.
The wight hits you with a +0 hand axe!
* * * LOW HITPOINT WARNING * * *
You feel drained.
* * * LOW HITPOINT WARNING * * *
The nameless horror hits you but does no damage.
Your magical contamination has completely faded away.
You hit the nameless horror but do no damage.
The nameless horror is severely damaged.
The wight hits you with a +0 hand axe.
* * * LOW HITPOINT WARNING * * *
The nameless horror closely misses you.
You hit the nameless horror but do no damage.
The nameless horror is severely damaged.
The wight closely misses you. The nameless horror hits you.
You die...

.# #~#
#.####.#..#.#####
#~###.........#.#
#~#...####.#.##.#
#†##..####.#.##z#
#~##......#..##.#
#.#...##.###.##.
#~##....## #z.z
###..###X###z##.#
#### ##@#.....#
##z# ###


You could see a nameless horror and a wight.

Vanquished Creatures
  Pikel (D:4)
  An orc warrior (D:6)
  A centaur (D:6)
  4 lemures (D:4)
  A bullfrog (D:6)
  A scorpion (D:4)
  A howler monkey (D:5)
  A hound (D:5)
  An orc priest (D:5)
  A gnoll bouda (D:6)
  A sleepcap (D:6)
  Ijyb (D:5)
  2 iguanas
  5 gnolls
  4 adders
  A shadow imp (D:5)
  A white imp (D:6)
  A worm (D:2)
  3 dart slugs
  6 orcs
  7 endoplasms
  2 giant cockroaches (D:3)
  9 goblins
  3 hobgoblins
  6 quokkas
  9 ball pythons
  17 bats
  4 frilled lizards
  11 kobolds
  5 rats
111 creatures vanquished.

Notes
Turn   | Place    | Note
-------+----------+-------------------------------------------
     0 | D:1      | Ashen the Ogre Ice Elementalist began the quest for the
                  | Orb.
     0 | D:1      | Reached XP level 1. HP: 16/16 MP: 3/3
   184 | D:1      | Reached XP level 2. HP: 26/26 MP: 3/5
   805 | D:1      | You fall into a shaft and drop 1 floor!
   867 | D:2      | Reached XP level 3. HP: 30/32 MP: 5/7
   871 | D:2      | Learned a level 3 spell: Frozen Ramparts
   875 | D:2      | Learned a level 3 spell: Ozocubu's Armour
  1395 | D:2      | Reached skill level 1 in Fighting
  1952 | D:2      | Reached XP level 4. HP: 36/41 MP: 4/8
  2543 | D:3      | Identified the ring "Hyph" {Fly rElec Str+2 Int-3 Dex+2}
  3042 | D:4      | Learned a level 3 spell: Hailstorm
  3108 | D:4      | Noticed a lemure
  3109 | D:4      | Noticed Pikel
  3109 | D:4      | Noticed a lemure
  3111 | D:4      | Noticed a lemure
  3114 | D:4      | Noticed a lemure
  3380 | D:4      | Killed a lemure
  3491 | D:4      | Noticed a scorpion
  3497 | D:4      | Killed a scorpion
  3498 | D:4      | Reached XP level 5. HP: 38/49 MP: 6/10
  4003 | D:5      | Entered Level 5 of the Dungeon
  4015 | D:5      | Reached XP level 6. HP: 46/57 MP: 0/12
  4178 | D:5      | Reached skill level 1 in Maces & Flails
  4182 | D:5      | Noticed Grinder
  4309 | D:5      | Noticed Dowan
  4310 | D:5      | Noticed Duvessa
  4643 | D:5      | Found a runed translucent door.
  4644 | D:5      | Noticed Crazy Yiuf
  4666 | D:5      | Noticed Ijyb
  4683 | D:5      | Killed Ijyb
  5258 | D:4      | Killed Pikel
  5259 | D:4      | Reached skill level 5 in Spellcasting
  5259 | D:4      | Reached skill level 5 in Ice Magic
  5259 | D:4      | Reached XP level 7. HP: 35/67 MP: 0/14
  5571 | D:5      | Found a burning altar of Makhleb.
  5709 | D:6      | Reached XP level 8. HP: 43/75 MP: 1/16
  5968 | D:6      | Found a sparkling altar of Nemelex Xobeh.
  6461 | D:6      | Found a stormy altar of Qazlal.
  6576 | D:6      | Learned a level 4 spell: Summon Ice Beast
  6637 | D:6      | Noticed a nameless horror
  6658 | D:6      | HP: 2/73 [wight/+0 hand axe (5)]
  6659 | D:6      | Slain by a nameless horror

Illustrated notes

Levels and vault maps discovered:
D:1:      wheals_arrival_linesprint, layout_basic, minmay_3d_cube
D:2:      layout_basic
D:3:      layout_loops_cross, minmay_misc_feat_room, minmay_ruptured
D:4:      layout_loops_cross, chequers_serial_rivers_micro_c, uniq_pikel
D:5:      layout_gridville, lightli_temple_of_fire, roderic_batcave,
          uniq_duvessa, uniq_ijyb, uniq_crazy_yiuf_cottage, uniq_grinder,
          uniq_eustachio
D:6:      cheibrodos_quashed, layout_loops_ring, pf_just_have_faith,
          mainiacjoe_overflow_brackets, portal_sewer_entry_d

Skill      XL: |  1  2  3  4  5  6  7  8 |
---------------+-------------------------+-----
Dodging        | 2 3 |  3.5
Spellcasting   | 3 4 5 |  5.9
Ice Magic      | 4 5 |  5.8
Fighting       | 1 2 3 4 |  4.0
Stealth        | 2 3 |  3.0
Maces & Flails | 2 |  2.5

Action                     |  1- 3 |  4- 6 |  7- 9 || total
---------------------------+-------+-------+-------++-------
  Melee: Unarmed           |    15 |     1 |       ||    16
         Punch             |     1 |       |       ||     1
         Club              |       |    59 |       ||    59
         Whip              |       |       |    63 ||    63
   Cast: Freeze            |    64 |    77 |    24 ||   165
         Frozen Ramparts   |       |    12 |     6 ||    18
         Ozocubu's Armour  |       |     6 |     2 ||     8
         Hailstorm         |       |     1 |     1 ||     2
  Evoke: Wand              |       |     4 |       ||     4
   Stab: Paralysed         |       |     3 |       ||     3
         Sleeping          |       |     1 |     2 ||     3
 Armour: Robe              |    14 |    52 |    33 ||    99
  Dodge: Dodged            |    30 |    78 |    55 ||   163
